 Dungeon Crawl Stone Soup version 0.27-a0-906-g0a00ce863d (webtiles) character file.

Game seed: 14699068612187228696

3 nicknak712 the Skirmisher (level 1, 0/18 HPs)
             Began as a Demonspawn Berserker on Apr 7, 2021.
             Was a Follower of Trog.
             Slain by a goblin
             ... wielding a +0 club
              (1 damage)
             ... on level 1 of the Dungeon.
             The game lasted 00:00:39 (33 turns).

nicknak712 the Skirmisher (Demonspawn Berserker)      Turns: 33, Time: 00:00:40

Health: 0/18       AC:  2    Str: 17    XL:     1   Next: 41%
Magic:  1/1        EV: 12    Int:  8    God:    Trog [*.....]
Gold:   0          SH:  0    Dex: 12    Spells: 0/0 levels left

rFire    . . .     SeeInvis .   a - +0 mace
rCold    . . .     Faith    .   (no shield)
rNeg     . . .     Spirit   .   b - +0 animal skin
rPois    .         Reflect  .   (no helmet)
rElec    .         Harm     .   (no cloak)
rCorr    .         Rampage  .   (no gloves)
Will     .....                  (no boots)
Stlth    +.........             (no amulet)
HPRegen  0.06/turn              (no ring)
MPRegen  0.07/turn              (no ring)

@: no status effects
A: no striking features
a: Renounce Religion, Berserk


You were on level 1 of the Dungeon.
You worshipped Trog.
Trog was aware of your devotion.
You visited 1 branch of the dungeon, and saw 1 of its levels.

Inventory:

Hand Weapons
 a - a +0 mace (weapon)
Armour
 b - a +0 animal skin (worn)


   Skills:
 + Level 3.0 Fighting
 + Level 2.8 Maces & Flails
 + Level 1.8 Armour
 + Level 1.8 Dodging


You couldn't memorise any spells.
You didn't know any spells.
Your spell library was empty.

Dungeon Overview and Level Annotations

Branches:
Dungeon (1/15)

Altars:


Message History

The hobgoblin shouts!
Found a scroll labelled FIM XOTWAEPAPT.
Found a stone staircase leading down.
You barely miss the goblin.
You hear a shout!
The goblin hits you with a +0 club.
The kobold throws a stone.
The stone barely misses you. The goblin barely misses you.
You sock the goblin!
You kill the goblin!
Trog accepts your kill. The hobgoblin hits you.
Found an escape hatch in the floor.
You hit the hobgoblin.
The hobgoblin is almost dead.
The hobgoblin barely misses you.
A goblin comes into view.
It is wielding a +0 club and quivering poisoned darts.
There are monsters nearby!
You thump the hobgoblin!
You kill the hobgoblin!
Trog accepts your kill.
The kobold throws a stone.
The stone closely misses you. The kobold hits you with a +0 dagger.
You are too injured to fight recklessly!
You are too injured to fight recklessly!
You are too injured to fight recklessly!
You are too injured to fight recklessly!
Unknown command.
You thump the kobold!
You kill the kobold!
Trog accepts your kill.
Found a scroll labelled DEAMIN JUBUNKI.
Things that are here:
a +0 dagger; 3 stones; a kobold corpse The goblin hits you with a +0 club.
* * * LOW HITPOINT WARNING * * *
You closely miss the goblin. The goblin barely misses you.
The goblin hits you with a +0 club.
* * * LOW HITPOINT WARNING * * *
You barely miss the goblin. The goblin misses you.
You closely miss the goblin. The goblin hits you with a +0 club.
You die...

.........## #.
........?.#..
............#> #
............. .#
............# .#
............#..#
........?g>...#
........@?.>#
..#....)..##
##)...###
##.###########
.####...[.....PP≈#
.........###.##≈PP#
.....#...# #.##P≈≈#
.....#.### #≈PP##.#
#... #. #P≈P##.#


You could see a goblin.

Vanquished Creatures
  A goblin (D:1)
  A hobgoblin (D:1)
  A kobold (D:1)
3 creatures vanquished.

Notes
Turn   | Place    | Note
-------+----------+-------------------------------------------
     0 | D:1      | nicknak712 the Demonspawn Berserker began the quest for the
                  | Orb.
     0 | D:1      | Reached XP level 1. HP: 18/18 MP: 1/1
    33 | D:1      | Slain by a goblin

Illustrated notes

Levels and vault maps discovered:
D:1:      psy_arrival_conway, layout_rooms, minmay_liquid_box, minmay_tall_x

Action                   || total
-------------------------++-------
Melee: Mace              ||     8
Dodge: Dodged            ||     7

Table legend: (Time is in decaauts)
 A = Elapsed time spent in this place.
 B = Non-inter-level travel time spent in this place.
 C = Inter-level travel time spent in this place.
 D = Time resting spent in this place.
 E = Time spent auto-exploring this place.
 F = Levels seen in this place.
 G = Mean time per level.
                   A        B        C        D        E       F      G
               +--------+--------+--------+--------+--------+-----+--------+
         Total |     36 |     36 |      0 |      0 |     21 |   1 |   36.0 |
       Dungeon |     36 |     36 |      0 |      0 |     21 |   1 |   36.0 |
               +--------+--------+--------+--------+--------+-----+--------+

Top non-repeatable levels by time:
     D:1: 36 daAuts
